[Event "45th FIDE Womens Olympiad 2024"]
[Site "Budapest"]
[Date "2024.09.16"]
[Round "6.136"]
[White "Guerrero Caicedo, Arlette"]
[Black "Almaamari, Zainab Darwish"]
[Result "1/2-1/2"]
[ECO "A46"]
[WhiteElo "1868"]
[BlackElo "1661"]
[Annotator "NA"]
[PlyCount "62"]
[EventDate "2024.09.05"]
[EventType "team-tourn"]
[EventCountry "HUN"]
[SourceTitle "playchess.com"]
[Source "ChessBase"]
[SourceQuality "1"]
[WhiteTeam "Ecuador"]
[BlackTeam "United Arab Emirates"]
[WhiteTeamCountry "ECU"]
[BlackTeamCountry "UAE"]
[TimeControl "40/5400+30:1800+30"]

1. d4 Nf6 2. Nf3 e6 3. g3 b5 4. a4 b4 5. Bg2 Bb7 6. O-O Be7 7. c3 c5 8. Nbd2 bxc3 9. bxc3 O-O 10. Qc2 Na6 11. Ba3 Rc8 12. Qd1 cxd4 13. cxd4 Bxa3 14. Rxa3 Nb4 15. Qb1 a5 16. Rc1 Ba6 17. Bf1 Qe7 18. Rac3 Rb8 19. Rb3 Rfc8 20. Qb2 Qe8 21. Rxc8 Rxc8 22. Rc3 Nfd5 23. Rxc8 Qxc8 24. Nb3 Qc3 25. Qxc3 Nxc3 26. e3 Bxf1 27. Kxf1 Nc6 28. Nfd2 Nxa4 29. Nc4 Nc3 30. Nbxa5 Nxa5 31. Nxa5 Kf8 1/2-1/2

[Event "45th FIDE Womens Olympiad 2024"]
[Site "Budapest"]
[Date "2024.09.16"]
[Round "6.137"]
[White "Maksimovic, Masa"]
[Black "Ampaire, Shakira"]
[Result "1-0"]
[ECO "B32"]
[WhiteElo "2093"]
[BlackElo "1839"]
[Annotator "NA"]
[PlyCount "109"]
[EventDate "2024.09.05"]
[EventType "team-tourn"]
[EventCountry "HUN"]
[SourceTitle "playchess.com"]
[Source "ChessBase"]
[SourceQuality "1"]
[WhiteTeam "Bosnia & Herzegovina"]
[BlackTeam "Uganda"]
[WhiteTeamCountry "BIH"]
[BlackTeamCountry "UGA"]
[TimeControl "40/5400+30:1800+30"]

1. e4 c5 2. Nf3 Nc6 3. d4 cxd4 4. Nxd4 e5 5. Nb5 a6 6. Nd6+ Bxd6 7. Qxd6 Qe7 8. Qd2 Nf6 9. Nc3 b5 10. f3 Bb7 11. a4 b4 12. Nd5 Nxd5 13. exd5 Nd4 14. Bc4 Qc5 15. b3 Bxd5 16. Bxd5 Qxd5 17. Bb2 Qc5 18. Bxd4 exd4 19. O-O-O Qc3 20. Qxd4 Qxd4 21. Rxd4 a5 22. Re1+ Kd8 23. Re5 Re8 24. Rxe8+ Kxe8 25. Rd5 Ke7 26. Kd2 Ke6 27. Rb5 Ra6 28. Kc1 f5 29. Kb2 g5 30. c3 bxc3+ 31. Kxc3 Rc6+ 32. Kb2 Ra6 33. Ka3 h6 34. b4 axb4+ 35. Kxb4 Rd6 36. a5 Rd2 37. a6 d6 38. a7 Rb2+ 39. Ka5 Rxg2 40. Kb6 Ra2 41. Ra5 Rxh2 42. a8=Q Rb2+ 43. Kc7 Rc2+ 44. Kd8 Rc5 45. Rxc5 dxc5 46. Qc6+ Ke5 47. Qxc5+ Kf4 48. Ke7 g4 49. fxg4 Kxg4 50. Kf6 f4 51. Qf2 f3 52. Ke5 h5 53. Ke4 Kh3 54. Kxf3 h4 55. Qg2# 1-0

[Event "45th FIDE Womens Olympiad 2024"]
[Site "Budapest"]
[Date "2024.09.16"]
[Round "6.138"]
[White "Amoko, Ivy Claire"]
[Black "Babic, Milana"]
[Result "0-1"]
[ECO "C10"]
[WhiteElo "1820"]
[BlackElo "2080"]
[Annotator "NA"]
[PlyCount "90"]
[EventDate "2024.09.05"]
[EventType "team-tourn"]
[EventCountry "HUN"]
[SourceTitle "playchess.com"]
[Source "ChessBase"]
[SourceQuality "1"]
[WhiteTeam "Uganda"]
[BlackTeam "Bosnia & Herzegovina"]
[WhiteTeamCountry "UGA"]
[BlackTeamCountry "BIH"]
[TimeControl "40/5400+30:1800+30"]

1. e4 e6 2. d4 d5 3. Nd2 dxe4 4. Nxe4 Nd7 5. Nf3 Ngf6 6. Nxf6+ Nxf6 7. Bd3 c5 8. O-O cxd4 9. Nxd4 Bc5 10. Nb3 Bd6 11. Bg5 Qc7 12. h3 h6 13. Bh4 Bd7 14. Bg3 Bxg3 15. fxg3 Qxg3 16. Qe2 O-O 17. Rf3 Qh4 18. Raf1 Bc6 19. Rf4 Qg3 20. Na5 Nd5 21. R4f3 Qd6 22. Nxc6 Qxc6 23. Qe4 f5 24. Qe5 Rae8 25. Kh1 a6 26. a3 Qc7 27. Qe2 Qb6 28. Qe5 Qc7 29. Qe2 Nf6 30. Re3 Qb6 31. Bc4 Ne4 32. Bd3 Qxb2 33. Bxe4 fxe4 34. Rxf8+ Rxf8 35. Rxe4 Qxa3 36. Rxe6 Qc1+ 37. Kh2 Qf4+ 38. Kg1 Qd4+ 39. Re3 Re8 40. Kf2 Rxe3 41. Qxe3 Qxe3+ 42. Kxe3 Kf7 43. Kd4 b6 44. c4 Ke6 45. g3 a5 0-1

[Event "45th FIDE Womens Olympiad 2024"]
[Site "Budapest"]
[Date "2024.09.16"]
[Round "6.139"]
[White "Jacimovic, Sara"]
[Black "Sana, Omprakash Kayyar"]
[Result "1/2-1/2"]
[ECO "C54"]
[WhiteElo "1981"]
[BlackElo "1937"]
[Annotator "ChessBase"]
[PlyCount "163"]
[EventDate "2024.09.05"]
[EventType "team-tourn"]
[EventCountry "HUN"]
[SourceTitle "playchess.com"]
[Source "ChessBase"]
[SourceQuality "1"]
[WhiteTeam "Bosnia & Herzegovina"]
[BlackTeam "Uganda"]
[WhiteTeamCountry "BIH"]
[BlackTeamCountry "UGA"]
[TimeControl "40/5400+30:1800+30"]

1. e4 e5 2. Nf3 Nc6 3. Bc4 Nf6 4. d3 Bc5 5. c3 d6 6. O-O a6 7. a4 Ba7 8. Nbd2 O-O 9. h3 h6 10. Re1 Re8 11. Nf1 Be6 12. Bxe6 Rxe6 13. Ng3 d5 14. Qc2 dxe4 15. dxe4 Ne7 16. Nf5 Ng6 17. g4 Qd7 18. Be3 Bxe3 19. Rxe3 Rd8 20. Kh2 Nf4 21. Rg1 Nh7 22. h4 Nf8 23. Kg3 Kh7 24. Nxe5 Rxe5 25. Kxf4 Qe8 26. Kg3 Ra5 27. b3 g6 28. Nd4 c5 29. Ne2 c4 30. Rf3 Kg7 31. Ra1 cxb3 32. Qxb3 Ne6 33. Qb4 Re5 34. Re3 Nc5 35. f3 Rd2 36. Nf4 Qb8 37. Kh3 g5 38. Re2 Nd3 39. Nxd3 Rxd3 40. Rf1 Qc7 41. h5 Qxc3 42. Qxc3 Rxc3 43. Kg2 b5 44. axb5 axb5 45. Rb2 Rec5 46. Kg3 Rc2 47. Rb3 Ra2 48. f4 Ra4 49. fxg5 Rxg5 50. Kf4 Ra2 51. Rfb1 Rg2 52. Rg3 Rxg3 53. Kxg3 Rc5 54. Kf4 Kf6 55. Ra1 Rc6 56. Ra8 Rb6 57. Rh8 Kg7 58. Rd8 b4 59. e5 b3 60. Rd1 b2 61. Rb1 f6 62. e6 Rb5 63. e7 Kf7 64. Ke4 Kxe7 65. Kd4 Rb4+ 66. Kc3 Rxg4 67. Rxb2 Rg5 68. Rh2 Ke6 69. Kd4 Rg4+ 70. Ke3 Kf5 71. Kf3 Kg5 72. Rh1 f5 73. Rh2 Rb4 74. Rh1 Rb3+ 75. Kf2 f4 76. Ra1 Kxh5 77. Rg1 Kh4 78. Rg8 h5 79. Rg7 Rg3 80. Rf7 Kg4 81. Rg7+ Kf5 82. Rxg3 1/2-1/2

[Event "45th FIDE Womens Olympiad 2024"]
[Site "Budapest"]
[Date "2024.09.16"]
[Round "6.140"]
[White "Takali, Milly"]
[Black "Mahmutbegovic Smajilbasic, Nadina"]
[Result "1-0"]
[ECO "B13"]
[WhiteElo "1707"]
[BlackElo "1973"]
[Annotator "NA"]
[PlyCount "101"]
[EventDate "2024.09.05"]
[EventType "team-tourn"]
[EventCountry "HUN"]
[SourceTitle "playchess.com"]
[Source "ChessBase"]
[SourceQuality "1"]
[WhiteTeam "Uganda"]
[BlackTeam "Bosnia & Herzegovina"]
[WhiteTeamCountry "UGA"]
[BlackTeamCountry "BIH"]
[TimeControl "40/5400+30:1800+30"]

1. d4 d5 2. Bf4 c5 3. e3 cxd4 4. exd4 Nc6 5. Nf3 Nf6 6. Bd3 g6 7. c3 Nh5 8. Be3 Bg7 9. Nbd2 O-O 10. h3 Qd6 11. O-O f5 12. Nb3 f4 13. Bd2 e5 14. dxe5 Nxe5 15. Be2 Nc4 16. Bc1 Qd8 17. Nfd4 Nf6 18. Bxc4 dxc4 19. Nd2 Qd5 20. Qf3 Qxf3 21. N2xf3 Nd5 22. Bd2 Bd7 23. Rfe1 Rae8 24. Ng5 Bxd4 25. cxd4 h6 26. Ne4 b5 27. Nc5 Bc8 28. Re5 Rxe5 29. dxe5 Re8 30. Re1 g5 31. Ne4 Bd7 32. Bc3 Nxc3 33. Nf6+ Kf7 34. Nxe8 Bxe8 35. bxc3 Ke6 36. a3 Bg6 37. g3 fxg3 38. fxg3 h5 39. Kf2 Bf5 40. Kg2 g4 41. h4 Kd5 42. Kf2 a5 43. Ke3 Kxe5 44. Rf1 Be6 45. Rf8 Kd5 46. Rh8 Bf7 47. Ra8 a4 48. Rb8 Kc6 49. Kd4 Bg6 50. Rf8 Bd3 51. Rf6+ 1-0

[Event "45th FIDE Womens Olympiad 2024"]
[Site "Budapest"]
[Date "2024.09.16"]
[Round "6.141"]
[White "Castillo Pena, Patricia Evarista"]
[Black "Toth, Lili"]
[Result "1/2-1/2"]
[ECO "D04"]
[WhiteElo "1928"]
[BlackElo "2105"]
[Annotator "NA"]
[PlyCount "85"]
[EventDate "2024.09.05"]
[EventType "team-tourn"]
[EventCountry "HUN"]
[SourceTitle "playchess.com"]
[Source "ChessBase"]
[SourceQuality "1"]
[WhiteTeam "Dominican Republic"]
[BlackTeam "Hungary C"]
[WhiteTeamCountry "DOM"]
[TimeControl "40/5400+30:1800+30"]

1. d4 Nf6 2. Nf3 d5 3. e3 c5 4. Bd3 Nc6 5. b3 cxd4 6. exd4 Bg4 7. Bb2 Qa5+ 8. c3 Bxf3 9. gxf3 Qc7 10. Na3 g6 11. Qd2 Bg7 12. Nc2 O-O 13. h4 Nh5 14. O-O-O Qf4 15. Qxf4 Nxf4 16. Ne3 Nxd3+ 17. Rxd3 e6 18. h5 f5 19. hxg6 hxg6 20. f4 Rac8 21. Kb1 Kf7 22. Ng2 Rh8 23. Rdh3 Rxh3 24. Rxh3 Nb8 25. Ne1 Rh8 26. Rxh8 Bxh8 27. Nf3 Nc6 28. Kc2 Bf6 29. Ba3 Ke8 30. Kd3 Kd7 31. Bf8 Nd8 32. c4 Nf7 33. Bb4 g5 34. fxg5 Nxg5 35. Nxg5 Bxg5 36. Bd2 Bf6 37. Bf4 Ke7 38. Be5 Bg5 39. f4 Bh4 40. b4 a6 41. a4 Kd7 42. b5 axb5 43. axb5 1/2-1/2

[Event "45th FIDE Womens Olympiad 2024"]
[Site "Budapest"]
[Date "2024.09.16"]
[Round "6.142"]
[White "Gombocz, Zsofia"]
[Black "Diaz Cesar, Wilsaida Pieranlly"]
[Result "1-0"]
[ECO "C41"]
[WhiteElo "2061"]
[BlackElo "1900"]
[Annotator "NA"]
[PlyCount "89"]
[EventDate "2024.09.05"]
[EventType "team-tourn"]
[EventCountry "HUN"]
[SourceTitle "playchess.com"]
[Source "ChessBase"]
[SourceQuality "1"]
[WhiteTeam "Hungary C"]
[BlackTeam "Dominican Republic"]
[BlackTeamCountry "DOM"]
[TimeControl "40/5400+30:1800+30"]

1. e4 e5 2. Nf3 d6 3. d4 exd4 4. Nxd4 Nf6 5. Nc3 Be7 6. Bf4 O-O 7. Qd2 a6 8. O-O-O b5 9. f3 c6 10. g4 b4 11. Na4 g6 12. Bh6 Re8 13. Nf5 Bxf5 14. gxf5 Qa5 15. b3 Nbd7 16. Rg1 Nc5 17. fxg6 hxg6 18. Bc4 d5 19. exd5 Nxa4 20. bxa4 cxd5 21. Bb3 Qc7 22. Bxd5 Nxd5 23. Qxd5 Qb6 24. a5 Qf6 25. Kb1 Rad8 26. Qe4 Rxd1+ 27. Rxd1 g5 28. Rd7 Qxh6 29. Rxe7 Rd8 30. Re8+ Rxe8 31. Qxe8+ Kg7 32. Qe5+ Qf6 33. Qxf6+ Kxf6 34. Kb2 Ke5 35. Kb3 Kf4 36. Kxb4 Kxf3 37. c4 Ke4 38. Kc5 Kd3 39. Kd5 f5 40. c5 f4 41. c6 f3 42. c7 f2 43. c8=Q Ke3 44. Qxa6 Kf3 45. Qf1 1-0

[Event "45th FIDE Womens Olympiad 2024"]
[Site "Budapest"]
[Date "2024.09.16"]
[Round "6.143"]
[White "Gonzalez Peguero, Mary Loly"]
[Black "Nandin-Erdene, Davaademberel"]
[Result "1-0"]
[ECO "D30"]
[WhiteElo "1889"]
[BlackElo "2039"]
[Annotator "NA"]
[PlyCount "133"]
[EventDate "2024.09.05"]
[EventType "team-tourn"]
[EventCountry "HUN"]
[SourceTitle "playchess.com"]
[Source "ChessBase"]
[SourceQuality "1"]
[WhiteTeam "Dominican Republic"]
[BlackTeam "Hungary C"]
[WhiteTeamCountry "DOM"]
[TimeControl "40/5400+30:1800+30"]

1. c4 e6 2. Nf3 d5 3. cxd5 exd5 4. d4 Nf6 5. Bf4 Bb4+ 6. Nbd2 O-O 7. e3 Bg4 8. Be2 c6 9. O-O Nbd7 10. a3 Be7 11. Rc1 Nh5 12. Be5 f6 13. Bg3 Nxg3 14. hxg3 Bd6 15. Qb3 Rb8 16. e4 Be6 17. Bd3 Re8 18. Qc2 dxe4 19. Nxe4 Nf8 20. Rfe1 Kh8 21. Nxd6 Qxd6 22. Re4 Ng6 23. Nh4 Nf8 24. Nf3 Ng6 25. Nh4 Nf8 26. Nf3 g5 27. Rce1 Bf7 28. Rxe8 Rxe8 29. Rxe8 Bxe8 30. Qc5 Qxc5 31. dxc5 Ne6 32. b4 Bd7 33. Kf1 g4 34. Nd2 Nd4 35. Nc4 Nb5 36. Na5 b6 37. cxb6 axb6 38. Nc4 Be6 39. a4 Bxc4 40. Bxc4 Nc7 41. a5 b5 42. Bd3 Na6 43. Bf5 Nxb4 44. Bc8 c5 45. Bb7 Kg7 46. a6 Nxa6 47. Bxa6 b4 48. Bc4 h5 49. Ke2 Kg6 50. Ke3 Kg5 51. Ke4 f5+ 52. Ke5 Kg6 53. Bd3 b3 54. Bxf5+ Kg5 55. Bb1 b2 56. Kd5 h4 57. gxh4+ Kxh4 58. Kxc5 Kg5 59. Kd5 Kf4 60. Kd4 Kg5 61. Ke5 Kh5 62. Kf5 Kh4 63. Kf4 g3 64. f3 Kh5 65. Kxg3 Kg5 66. f4+ Kf6 67. Kf3 1-0

[Event "45th FIDE Womens Olympiad 2024"]
[Site "Budapest"]
[Date "2024.09.16"]
[Round "6.144"]
[White "Sipos, Stefania"]
[Black "Ramirez Luzon, Franchesca"]
[Result "0-1"]
[ECO "B27"]
[WhiteElo "1993"]
[BlackElo "1820"]
[Annotator "NA"]
[PlyCount "102"]
[EventDate "2024.09.05"]
[EventType "team-tourn"]
[EventCountry "HUN"]
[SourceTitle "playchess.com"]
[Source "ChessBase"]
[SourceQuality "1"]
[WhiteTeam "Hungary C"]
[BlackTeam "Dominican Republic"]
[BlackTeamCountry "DOM"]
[TimeControl "40/5400+30:1800+30"]

1. e4 c5 2. Nf3 g6 3. d4 cxd4 4. Qxd4 Nf6 5. e5 Nc6 6. Qa4 Nd5 7. Qe4 Nc7 8. Nc3 Bg7 9. Bf4 Ne6 10. Bd2 Qc7 11. Nd5 Qb8 12. Bc3 b5 13. Qh4 a5 14. a3 b4 15. axb4 axb4 16. Rxa8 Qxa8 17. Bxb4 Qa1+ 18. Kd2 h5 19. Ba3 Bh6+ 20. Kc3 g5 21. Qe4 g4 22. Qe1 Qxe1+ 23. Nxe1 Bg7 24. Nd3 Nxe5 25. Kd2 Nc4+ 26. Kc1 Bb7 27. Ne3 Bh6 28. Kb1 Bxe3 29. fxe3 Nxe3 30. Ne1 Be4 31. Rg1 Nd4 32. Bd3 Bxd3 33. Nxd3 Nexc2 34. Bc5 d6 35. Bb6 Kd7 36. Rf1 f5 37. Rf2 Rb8 38. Ba5 Ne3 39. Nf4 e5 40. Nd3 h4 41. Bd2 g3 42. Bxe3 gxf2 43. Bxf2 h3 44. Bxd4 hxg2 45. Bg1 f4 46. Kc2 f3 47. Kc3 e4 48. Nf4 Rf8 49. Nh3 e3 50. Bxe3 f2 51. Bxf2 Rxf2 0-1

[Event "45th FIDE Womens Olympiad 2024"]
[Site "Budapest"]
[Date "2024.09.16"]
[Round "6.145"]
[White "Corrales Jimenez, Zenia"]
[Black "Smith, Olivia"]
[Result "1-0"]
[ECO "B15"]
[WhiteElo "2170"]
[BlackElo "2087"]
[PlyCount "87"]
[EventDate "2024.09.05"]
[EventType "team-tourn"]
[EventCountry "HUN"]
[WhiteTeam "Mexico"]
[BlackTeam "Wales"]
[WhiteTeamCountry "MEX"]
[BlackTeamCountry "WLS"]
[TimeControl "40/5400+30:1800+30"]

1. e4 c6 2. d4 d5 3. Nc3 dxe4 4. Nxe4 Nf6 5. Nxf6+ exf6 6. c3 Bd6 7. Bd3 O-O 8. Qc2 Re8+ 9. Ne2 h5 10. O-O h4 11. Nf4 Nd7 12. Qd1 Nf8 13. Qf3 a5 14. Be3 a4 15. c4 Bb8 16. Rfd1 Qd6 17. c5 Qc7 18. g3 Be6 19. d5 cxd5 20. Bb5 Rd8 21. Nxd5 Bxd5 22. Rxd5 Rxd5 23. Qxd5 hxg3 24. hxg3 a3 25. b4 Qe5 26. Qxe5 Bxe5 27. Rd1 Rb8 28. Bc4 Ne6 29. Rd7 Bc3 30. Bd2 Be5 31. Bd5 b6 32. Bxe6 fxe6 33. c6 Rc8 34. b5 g5 35. Bb4 f5 36. Bxa3 Ra8 37. Bd6 Bxd6 38. Rxd6 Kf7 39. Rd7+ Kf6 40. c7 Rc8 41. a4 e5 42. a5 Ke6 43. Rh7 bxa5 44. b6 1-0

[Event "45th FIDE Womens Olympiad 2024"]
[Site "Budapest"]
[Date "2024.09.16"]
[Round "6.146"]
[White "Camp, Imogen A L"]
[Black "Miranda Rodriguez, Tania"]
[Result "0-1"]
[ECO "E38"]
[WhiteElo "1923"]
[BlackElo "2090"]
[PlyCount "134"]
[EventDate "2024.09.05"]
[EventType "team-tourn"]
[EventCountry "HUN"]
[WhiteTeam "Wales"]
[BlackTeam "Mexico"]
[WhiteTeamCountry "WLS"]
[BlackTeamCountry "MEX"]
[TimeControl "40/5400+30:1800+30"]

1. d4 Nf6 2. c4 e6 3. Nf3 d5 4. Nc3 Bb4 5. e3 O-O 6. Qc2 c5 7. cxd5 cxd4 8. Nxd4 Nxd5 9. Bd2 Be7 10. a3 Bf6 11. Bd3 h6 12. O-O Bxd4 13. exd4 Nc6 14. Ne2 Bd7 15. Be4 Nce7 16. Qd3 Bc6 17. Qg3 Qc7 18. Qh4 Nf6 19. Bd3 Ned5 20. Bxh6 gxh6 21. Qxh6 Rfe8 22. f4 Ne3 23. Qxf6 Nxf1 24. Qg5+ Kf8 25. Rxf1 f5 26. Qf6+ Qf7 27. Qh8+ Ke7 28. Qe5 Kf8 29. Bc4 Qg7 30. Qd6+ Qe7 31. Qe5 Qg7 32. Qd6+ Qe7 33. Qxe7+ Kxe7 34. Re1 Rad8 35. Kf2 Kf6 36. h3 Rg8 37. Rg1 Bd5 38. Bd3 Rh8 39. Ke3 Rdg8 40. Kf2 Rh4 41. a4 a5 42. Bb5 Rg7 43. Bd3 Bc6 44. b3 Bd5 45. Bc4 Be4 46. Kf1 Ke7 47. Kf2 Kd6 48. Kf1 Rg8 49. Kf2 Rg6 50. Kf1 Rg7 51. Kf2 Bc6 52. Kf1 b6 53. Kf2 Rg8 54. Kf1 Rg6 55. Kf2 Rg7 56. Kf1 Rc7 57. Kf2 Bxa4 58. Bxe6 Bb5 59. Bxf5 Bxe2 60. Kxe2 Rxf4 61. g4 Re7+ 62. Kd2 Rf2+ 63. Kd3 Rf3+ 64. Kc2 Re2+ 65. Kd1 Ra2 66. Re1 Rxh3 67. Re2 Rh1+ {0-} 0-1

[Event "45th FIDE Womens Olympiad 2024"]
[Site "Budapest"]
[Date "2024.09.16"]
[Round "6.147"]
[White "Padilla Garcia, Cecilia Xasive"]
[Black "Chong, Kimberly"]
[Result "1/2-1/2"]
[ECO "B01"]
[WhiteElo "1954"]
[BlackElo "1779"]
[PlyCount "108"]
[EventDate "2024.09.05"]
[EventType "team-tourn"]
[EventCountry "HUN"]
[WhiteTeam "Mexico"]
[BlackTeam "Wales"]
[WhiteTeamCountry "MEX"]
[BlackTeamCountry "WLS"]
[TimeControl "40/5400+30:1800+30"]

1. e4 d5 2. exd5 Qxd5 3. Nc3 Qd8 4. d4 Nf6 5. Nf3 Bg4 6. h3 Bxf3 7. Qxf3 c6 8. Be3 e6 9. O-O-O Bb4 10. Bg5 Bxc3 11. Qxc3 Ne4 12. Bxd8 Nxc3 13. bxc3 Kxd8 14. c4 Ke7 15. c3 Rd8 16. Be2 Nd7 17. Rhe1 Kf8 18. Kc2 Rac8 19. Rb1 Rc7 20. Red1 Nf6 21. Bf3 Rdd7 22. a4 Ke7 23. a5 a6 24. g4 g5 25. h4 h6 26. hxg5 hxg5 27. Rh1 Rd8 28. Rh6 Rg8 29. Kd3 Rg7 30. Rh8 Rg8 31. Rxg8 Nxg8 32. d5 Rd7 33. Ke3 cxd5 34. cxd5 exd5 35. c4 dxc4 36. Rxb7 Nf6 37. Rxd7+ Kxd7 38. Kd4 c3 39. Kxc3 Kd6 40. Kd4 Nd7 41. Be2 Nc5 42. Bc4 f6 43. Bd5 Nd7 44. f3 Nc5 45. Bc4 Nb7 46. Bxa6 Nxa5 47. Ke4 Nc6 48. Kf5 Ke7 49. Bb7 Nd4+ 50. Ke4 Ne6 51. Bd5 Nc5+ 52. Kf5 Nd7 53. Bc6 Ne5 54. Ba8 Nd7 1/2-1/2

[Event "45th FIDE Womens Olympiad 2024"]
[Site "Budapest"]
[Date "2024.09.16"]
[Round "6.148"]
[White "Kong, Emma Zihan"]
[Black "Tec Rodas, Sofia Isavelina"]
[Result "0-1"]
[ECO "D13"]
[WhiteElo "1747"]
[BlackElo "1800"]
[PlyCount "92"]
[EventDate "2024.09.05"]
[EventType "team-tourn"]
[EventCountry "HUN"]
[WhiteTeam "Wales"]
[BlackTeam "Mexico"]
[WhiteTeamCountry "WLS"]
[BlackTeamCountry "MEX"]
[TimeControl "40/5400+30:1800+30"]

1. d4 d5 2. c4 c6 3. cxd5 cxd5 4. Nc3 Nc6 5. Nf3 Nf6 6. Bf4 e6 7. e3 Be7 8. Bb5 Bd7 9. Bxc6 bxc6 10. O-O c5 11. dxc5 Bxc5 12. a3 a5 13. Rc1 Be7 14. Nd4 O-O 15. Ncb5 Bxb5 16. Nxb5 a4 17. Qe2 Ne4 18. Rc6 Nc5 19. Rc1 Nb3 20. R1c2 Na5 21. Bc7 Qd7 22. Bxa5 Rxa5 23. Nd4 Bd6 24. Qd2 Raa8 25. Nb5 Be5 26. f4 Qb7 27. Nc7 Bxc7 28. Rxc7 Qb3 29. R7c3 Qb6 30. Rc6 Qb3 31. Qd4 h6 32. R6c3 Qb5 33. e4 dxe4 34. Rg3 g6 35. Qxe4 Kg7 36. Qd4+ Kg8 37. Rc7 Qf5 38. Rc5 Qb1+ 39. Kf2 Rad8 40. Qc3 Qd1 41. Rf3 Rd2+ 42. Kg3 Qe2 43. Kh4 Qxg2 44. h3 Rf2 45. Rxf2 Qxf2+ 46. Qg3 Qxc5 {0-} 0-1

[Event "45th FIDE Womens Olympiad 2024"]
[Site "Budapest"]
[Date "2024.09.16"]
[Round "6.149"]
[White "February, Jesse Nikki"]
[Black "De Blecourt, Sandra"]
[Result "1/2-1/2"]
[ECO "B33"]
[WhiteElo "2013"]
[BlackElo "2065"]
[PlyCount "67"]
[EventDate "2024.09.05"]
[EventType "team-tourn"]
[EventCountry "HUN"]
[WhiteTeam "South Africa"]
[BlackTeam "Denmark"]
[WhiteTeamCountry "RSA"]
[BlackTeamCountry "DEN"]
[TimeControl "40/5400+30:1800+30"]

1. e4 c5 2. Nf3 Nc6 3. d4 cxd4 4. Nxd4 Nf6 5. Nc3 e5 6. Ndb5 d6 7. Bg5 a6 8. Na3 b5 9. Nd5 Be7 10. Bxf6 Bxf6 11. c4 b4 12. Nc2 a5 13. g3 Bg5 14. h4 Bh6 15. Bh3 O-O 16. Bxc8 Rxc8 17. Qh5 Nb8 18. b3 Nd7 19. g4 Bf4 20. g5 f5 21. exf5 Rxf5 22. Qg4 Rf7 23. Rd1 Rc5 24. O-O Nb6 25. Nxb6 Qxb6 26. Qe6 e4 27. Rd5 Rxd5 28. Qxd5 Bg3 29. h5 Bxf2+ 30. Kg2 g6 31. Qa8+ Rf8 32. Qd5+ Rf7 33. Qa8+ Rf8 34. Qd5+ 1/2-1/2

[Event "45th FIDE Womens Olympiad 2024"]
[Site "Budapest"]
[Date "2024.09.16"]
[Round "6.150"]
[White "Kakulidis, Ellen"]
[Black "Badenhorst, Chloe"]
[Result "1/2-1/2"]
[ECO "D30"]
[WhiteElo "2048"]
[BlackElo "1981"]
[PlyCount "175"]
[EventDate "2024.09.05"]
[EventType "team-tourn"]
[EventCountry "HUN"]
[WhiteTeam "Denmark"]
[BlackTeam "South Africa"]
[WhiteTeamCountry "DEN"]
[BlackTeamCountry "RSA"]
[TimeControl "40/5400+30:1800+30"]

1. d4 d5 2. c4 e6 3. g3 a6 4. Bg2 dxc4 5. Nf3 b5 6. O-O Bb7 7. b3 cxb3 8. Qxb3 Nf6 9. Bb2 Nbd7 10. Rd1 Bd5 11. Qc2 Be4 12. Qd2 c6 13. Nc3 Bd5 14. Qc2 b4 15. Nb1 c5 16. dxc5 Bxc5 17. Nbd2 Rc8 18. Qd3 Qb6 19. e3 O-O 20. Nb3 Be7 21. Bd4 Qb7 22. Ne1 Bxg2 23. Nxg2 e5 24. Bb2 Rfd8 25. Rac1 Rxc1 26. Rxc1 Qb6 27. Qc4 a5 28. Nh4 a4 29. Nd2 Nc5 30. Ndf3 e4 31. Ne5 Rd5 32. Bd4 Qe6 33. f4 exf3 34. Nhxf3 h6 35. Rb1 Bd6 36. Rxb4 Ncd7 37. Nxd7 Nxd7 38. Rxa4 Qe4 39. Qe2 Rf5 40. Nh4 Rg5 41. Nf3 Rf5 42. Nd2 Qc6 43. Rc4 Qa6 44. Qg4 Ne5 45. Qxf5 Nxc4 46. Qd3 Qxa2 47. Nxc4 Bf8 48. Ne5 Qa5 49. Qf1 Qa2 50. Qf5 Qb3 51. Kg2 Qd5+ 52. Kg1 Qa2 53. Qf1 Qe6 54. Qb1 Bd6 55. Qb2 f6 56. Nd3 Qe4 57. Qb3+ Kh7 58. Nf2 Qc6 59. Qb1+ Kh8 60. Qf5 Qc1+ 61. Kg2 Qc6+ 62. Qe4 Qb5 63. Nd3 f5 64. Qa8+ Kh7 65. Nf4 Bxf4 66. exf4 Qe2+ 67. Bf2 Qc2 68. Qd5 Kh8 69. Qf3 Kh7 70. h3 Kg8 71. g4 Kh7 72. Qd5 fxg4 73. hxg4 Kh8 74. Qe5 Qd2 75. Qe8+ Kh7 76. Qe4+ Kh8 77. Kg3 Qc3+ 78. Qe3 Qc4 79. Qd4 Qf7 80. Qd8+ Kh7 81. Qd3+ Kg8 82. Bd4 h5 83. g5 Qd7 84. f5 Qd5 85. f6 Qxg5+ 86. Kh2 gxf6 87. Qc4+ Kg7 88. Qc7+ 1/2-1/2

[Event "45th FIDE Womens Olympiad 2024"]
[Site "Budapest"]
[Date "2024.09.16"]
[Round "6.151"]
[White "Klaasen, Robyn Julian"]
[Black "Guindy, Esmat Susanne"]
[Result "1-0"]
[ECO "D11"]
[WhiteElo "1764"]
[BlackElo "2015"]
[PlyCount "81"]
[EventDate "2024.09.05"]
[EventType "team-tourn"]
[EventCountry "HUN"]
[WhiteTeam "South Africa"]
[BlackTeam "Denmark"]
[WhiteTeamCountry "RSA"]
[BlackTeamCountry "DEN"]
[TimeControl "40/5400+30:1800+30"]

1. d4 d5 2. Nf3 Bf5 3. c4 e6 4. g3 Nf6 5. Bg2 c6 6. Qb3 Qb6 7. Nc3 Nbd7 8. O-O Be7 9. Re1 O-O 10. Qa4 dxc4 11. Qxc4 Ne4 12. e3 Rfd8 13. Nh4 Nd6 14. Qe2 Bxh4 15. gxh4 h6 16. e4 Bh7 17. Be3 Qa5 18. a3 Nf8 19. Kh1 Bg6 20. Bf3 f5 21. e5 Ne4 22. h5 Nxc3 23. bxc3 Be8 24. Rg1 Kh7 25. Qc2 Qc7 26. Rg3 Rd7 27. Qb3 Rf7 28. Bf4 Rd8 29. Rd1 Rfd7 30. Rdg1 Re7 31. Qc2 Nd7 32. Qc1 Nf8 33. Qe3 c5 34. d5 exd5 35. e6 Qc8 36. Rxg7+ Rxg7 37. Rxg7+ Kxg7 38. Qe5+ Kg8 39. e7 Bf7 40. exf8=Q+ Rxf8 41. Bxh6 1-0

[Event "45th FIDE Womens Olympiad 2024"]
[Site "Budapest"]
[Date "2024.09.16"]
[Round "6.152"]
[White "Durrfeld, Sofie Bech"]
[Black "Nel, Hayley"]
[Result "1/2-1/2"]
[ECO "B12"]
[WhiteElo "1937"]
[BlackElo "1753"]
[PlyCount "108"]
[EventDate "2024.09.05"]
[EventType "team-tourn"]
[EventCountry "HUN"]
[WhiteTeam "Denmark"]
[BlackTeam "South Africa"]
[WhiteTeamCountry "DEN"]
[BlackTeamCountry "RSA"]
[TimeControl "40/5400+30:1800+30"]

1. e4 c6 2. d4 d5 3. e5 Bf5 4. h4 Qb6 5. g4 Bd7 6. c4 dxc4 7. Bxc4 e6 8. Nc3 Ne7 9. Nge2 c5 10. dxc5 Qxc5 11. Ne4 Qa5+ 12. Bd2 Qxe5 13. Qc2 Bc6 14. f3 Nd5 15. O-O-O Nd7 16. Bxd5 Qxd5 17. N2c3 Qe5 18. Rhe1 Qh2 19. h5 h6 20. Re2 Qh3 21. Qd3 O-O-O 22. Bf4 Qh4 23. Rh2 Nc5 24. Qc2 Rxd1+ 25. Qxd1 Qd8 26. Rd2 Qb6 27. Be3 Be7 28. Bf2 Qa5 29. Kb1 Nxe4 30. Nxe4 Bxe4+ 31. fxe4 Rd8 32. Rxd8+ Qxd8 33. Qxd8+ Bxd8 34. Kc2 a6 35. Kd3 Bf6 36. b3 Kd7 37. a4 Be5 38. Kc4 Ke7 39. Kc5 Bc7 40. Bh4+ Kd7 41. Be1 b6+ 42. Kc4 Kc6 43. Bd2 Bd6 44. Bc3 g6 45. Bg7 Bf4 46. Bf8 gxh5 47. gxh5 f5 48. exf5 exf5 49. Kd4 Bg5 50. Ke5 f4 51. Ke4 b5 52. axb5+ Kxb5 53. Bd6 a5 54. Kf3 Kc6 1/2-1/2